 Dungeon Crawl Stone Soup version 0.30-a0-1116-gebefce21f7 (webtiles) character file.

Game seed: 4260843051966446262

328 qeuew the Covered (level 6, -1/38 HPs)
             Began as a Gargoyle Fighter on Apr 21, 2023.
             Was an Initiate of Nemelex Xobeh.
             Slain by an ogre
             ... wielding a +0 giant club
              (9 damage)
             ... on level 4 of the Dungeon.
             The game lasted 00:03:10 (2713 turns).

qeuew the Covered (Gargoyle Fighter)                Turns: 2713, Time: 00:03:10

Health: -1/38      AC: 11    Str: 19    XL:     6   Next: 50%
Magic:  6/6        EV:  9    Int:  9    God:    Nemelex Xobeh [......]
Gold:   125        SH:  4    Dex: 11    Spells: 5/5 levels left

rFire   . . .      SeeInvis .    a - +1 flail (chaos)
rCold   . . .      Faith    .    c - +0 buckler
rNeg    + . .      Spirit   .    b - +0 scale mail
rPois   ∞          Reflect  .    (no helmet)
rElec   +          Rampage  .    (no cloak)
rCorr   .                        (no gloves)
Will    .....                    (no boots) Stlth
                                 (no amulet)
HPRegen 0.26/turn                (no ring)
MPRegen 0.10/turn                (no ring)

@: hasted, very quick
A: sickness immunity, AC +4, negative energy resistance 1, electricity
resistance, torment resistance 1, petrification resistance
a: Renounce Religion, Draw Escape, Draw Destruction, Draw Summoning


You were on level 4 of the Dungeon.
You worshipped Nemelex Xobeh.
Nemelex Xobeh was noncommittal.
You visited 1 branch of the dungeon, and saw 4 of its levels.

You collected 125 gold pieces.

Inventory:

Hand Weapons
 a - a +1 flail of chaos (weapon)
Armour
 b - a +0 scale mail (worn)
 c - a +0 buckler (worn)
Wands
 k - a wand of roots (9)
Scrolls
 e - 3 scrolls of identify
 g - 2 scrolls of brand weapon
 i - a scroll of enchant armour {unknown}
 j - a scroll of enchant weapon
 l - a scroll of poison
Potions
 d - a potion of might
 h - a potion of curing
 m - a potion of resistance {unknown}
 n - a potion of degeneration {unknown}


   Skills:
 + Level 4.1 Fighting
 * Level 3.6 Maces & Flails
 * Level 4.8 Armour
 + Level 1.5 Dodging
 + Level 4.0 Shields
 * Level 1.2 Invocations
 + Level 1.1 Evocations


You had 5 spell levels left.
You didn't know any spells.
Your spell library contained the following spells:

 Spells                   Type           Power      Damage    Failure   Level
 Ensorcelled Hibernation  Hex/Ice        0%         N/A       92%         2
 Wereblood                Tmut           0%         N/A       92%         2
 Dazzling Flash           Conj/Hex       0%         N/A       99%         3
 Spider Form              Tmut/Pois      0%         N/A       99%         3
 Summon Guardian Golem    Hex/Summ       0%         N/A       99%         3
 Volatile Blastmotes      Fire/Tloc      0%         2d10      99%         3
 Anguish                  Hex/Necr       0%         N/A       100%        4
 Animate Dead             Necr           0%         N/A       100%        4
 Iskenderun's Mystic Bla  Conj/Tloc      0%         2d3       100%        4
 Borgnjor's Vile Clutch   Necr/Erth      0%         N/A       100%        5
 Death Channel            Necr           0%         N/A       100%        6
 Starburst                Conj/Fire      0%         6d3       100%        6
 Orb of Destruction       Conj           0%         9d5       100%        7
 Spellforged Servitor     Conj/Summ      0%         N/A       100%        7
 Summon Hydra             Summ           0%         N/A       100%        7
 Sublimation of Blood     Necr           Unusable   N/A       N/A         2

Dungeon Overview and Level Annotations

Branches:
Dungeon (4/15)
 Temple: D:4-7

Altars:
Elyvilon
Nemelex Xobeh
Okawaru
Uskayaw

Shops:
D:3 :


Innate Abilities, Weirdness & Mutations

You are immune to sickness and miasma.
Your stone body is resilient. (AC +4)
You are immune to poison.
You resist negative energy. (rN+)
You are resistant to electric shocks. (rElec)
You are resistant to unholy torment.
You are immune to petrification.


Message History

A sleepcap is nearby!
A sleepcap is nearby!
A sleepcap is nearby!
The sleepcap releases spores at you.
You hit the sleepcap but do no damage.
The sleepcap suddenly seems more agile.
The sleepcap releases spores at you but does no damage.
The sleepcap releases spores at you.
You completely miss the sleepcap.
The ogre shouts!
The sleepcap barely misses you.
You barely miss the sleepcap.
The sleepcap releases spores at you but does no damage.
You hit the sleepcap but do no damage. The sleepcap releases spores at you.
You hit the sleepcap. Lightning courses through the sleepcap!
The sleepcap is heavily damaged.
The sleepcap closely misses you.
You barely miss the sleepcap.
The sleepcap is heavily damaged.
The sleepcap releases spores at you. x2
The ogre hits you with a +0 giant club!
* * * LOW HITPOINT WARNING * * *
You are too injured to fight recklessly!
You are too injured to fight recklessly!
You are too injured to fight recklessly!
You are too injured to fight recklessly!
You are too injured to fight recklessly!
There are monsters nearby!
You are too injured to fight recklessly!
Unknown command.
You hit the ogre.
The ogre is lightly wounded.
The sleepcap releases spores at you but does no damage.
An endoplasm comes into view.
Unknown command.
The endoplasm quivers.
The sleepcap attacks as you move away! The sleepcap barely misses you.
Found a scroll labelled SEOMOK JOAHOFI.
You feel yourself speed up. The ogre hits you with a +0 giant club!
You die...
Your body disappears without a glow.

#. #.............. #
#.###...##......... . #.
#.#....J...........
..#.##.#................
.<.....#...†............
............[...........
..##.......†.....#......
#..fO.........#...#.#
#..#@.........#.#...#
#.............#.#...#
#....#.#.#..|........
#...........#........#
#.#(..#.#.#...........
#.#...#.....#......... #
#...###.###.....#..†
#?..# #.# #......... .
......#.##


You could see an ogre, a sleepcap (agile) and an endoplasm.

Vanquished Creatures
  An ogre (D:3)
  2 howler monkeys (D:4)
  A hound (D:4)
  2 orc wizards (D:3)
  An adder (D:2)
  5 worms
  A dart slug (D:1)
  7 orcs
  3 bats
  8 endoplasms
  5 giant cockroaches
  7 goblins
  8 hobgoblins
  4 jackals (D:4)
  2 quokkas
  7 ball pythons
  2 frilled lizards (D:1)
  5 kobolds
  4 rats
75 creatures vanquished.

Notes
Turn   | Place    | Note
-------+----------+-------------------------------------------
     0 | D:1      | qeuew the Gargoyle Fighter began the quest for the Orb.
     0 | D:1      | Reached XP level 1. HP: 14/14 MP: 1/1
   109 | D:1      | Found a faded altar of an unknown god.
   118 | D:1      | Reached XP level 2. HP: 19/19 MP: 2/2
   445 | D:1      | Reached XP level 3. HP: 22/23 MP: 3/3
  1235 | D:2      | Identified the +0 chain mail of Proximity {rN+ Regen+ Str-2
                  | Int+2}
  1321 | D:2      | Reached XP level 4. HP: 28/28 MP: 4/4
  1707 | D:3      | Found Wyplex's Book Shop.
  1798 | D:3      | Reached skill level 1 in Dodging
  1808 | D:3      | Noticed a +0 short sword
  1808 | D:3      | Noticed a +0 dagger
  1809 | D:3      | Noticed a +0 spear
  1809 | D:3      | Noticed a +0 falchion
  1810 | D:3      | Noticed a +0 short sword
  1810 | D:3      | Noticed a +0 dagger
  1812 | D:3      | Noticed a +0 spear
  1814 | D:3      | Noticed a +0 falchion
  1911 | D:3      | Found a hide-covered altar of Uskayaw.
  2055 | D:3      | Found a white marble altar of Elyvilon.
  2090 | D:3      | Found an iron altar of Okawaru.
  2118 | D:3      | Noticed an ogre
  2129 | D:3      | Killed an ogre
  2130 | D:3      | Reached XP level 5. HP: 30/33 MP: 5/5
  2240 | D:3      | Found a sparkling altar of Nemelex Xobeh.
  2539 | D:3      | Became a worshipper of Nemelex Xobeh the Trickster
  2572 | D:4      | Noticed an ogre
  2669 | D:4      | Reached skill level 1 in Evocations
  2669 | D:4      | Reached XP level 6. HP: 38/38 MP: 6/6
  2672 | D:4      | Reached skill level 1 in Invocations
  2713 | D:4      | Slain by an ogre

Illustrated notes

Levels and vault maps discovered:
D:1:      dpeg_arrival_orchard, layout_loops_ring,
          shapermc_ecumenical_altar_mp_highgroup, minmay_small_reverse_x
D:2:      kb_forest_paths, layout_basic
D:3:      layout_basic, nemelex_altar_shiori,
          mainiacjoe_overflow_surrounded_room, lemuel_round_altar,
          nicolae_uskayaw_en_pointe, serial_shops, nicolae_diamond_shop,
          chequers_serial_rivers_large_b, kennysheep_generic_room_2
D:4:      layout_rooms, serial_glass, glass_columns_a, glass_columns_b

Skill      XL: |  1  2  3  4  5  6 |
---------------+-------------------+-----
Armour         | 4 |  4.8
Dodging        | 1 |  1.5
Maces & Flails | 3 |  3.6
Fighting       | 4 |  4.1
Evocations     | 1 |  1.1
Shields        | 4 |  4.0
Invocations    | 1 |  1.2

Action                     |  1- 3 |  4- 6 || total
---------------------------+-------+-------++-------
  Melee: Flail             |    92 |   103 ||   195
    Use: Scroll            |     6 |     3 ||     9
         Potion            |     1 |     2 ||     3
   Stab: Paralysed         |       |     3 ||     3
 Armour: Scale mail        |    38 |    62 ||   100
  Dodge: Dodged            |    31 |    28 ||    59
  Block: Buckler           |    15 |    22 ||    37

Table legend: (Time is in decaauts)
 A = Elapsed time spent in this place.
 B = Non-inter-level travel time spent in this place.
 C = Inter-level travel time spent in this place.
 D = Time resting spent in this place.
 E = Time spent auto-exploring this place.
 F = Levels seen in this place.
 G = Mean time per level.
                   A        B        C        D        E       F      G
               +--------+--------+--------+--------+--------+-----+--------+
         Total |   2796 |   2677 |    119 |    100 |   2079 |   4 |  699.0 |
       Dungeon |   2796 |   2677 |    119 |    100 |   2079 |   4 |  699.0 |
               +--------+--------+--------+--------+--------+-----+--------+

Top non-repeatable levels by time:
     D:3: 938 daAuts
     D:2: 865 daAuts
     D:1: 826 daAuts
     D:4: 166 daAuts
